 Dungeon Crawl Stone Soup version 0.29-b1-12-g9e2288ab2a (webtiles) character file.

Game seed: 3207779419230599689

25 worthlessgem the Scratcher (level 2, -1/12 HPs)
             Began as a Felid Transmuter on Aug 24, 2022.
             Slain by Robin
             ... wielding a +0 spear
              (5 damage)
             ... on level 2 of the Dungeon.
             The game lasted 00:08:26 (3066 turns).

worthlessgem the Scratcher (Felid Transmuter)       Turns: 3066, Time: 00:08:26

Health: -1/12      AC:  1    Str:  6    XL:     2   Next: 82%
Magic:  2/6        EV: 17    Int: 14    God:
Gold:   67         SH:  0    Dex: 16    Spells: 2/5 levels left
                                        Lives:  0   Deaths: 0

rFire   . . .      SeeInvis +     - Unarmed
rCold   . . .      Faith    .   (shield unavailable)
rNeg    . . .      Spirit   .   (body armour unavailable)
rPois   .          Reflect  .   (helmet unavailable)
rElec   .          Harm     .   (cloak unavailable)
rCorr   .          Rampage  .   (gloves unavailable)
Will    .....                   (boots unavailable)
Stlth   ++........              (no amulet)
HPRegen 0.04/turn               (no ring)
MPRegen 0.10/turn               (no ring)

@: appendages, wereblooded (expiring), quick
A: horns 2, very small, claws 1, fangs 3, see invisible, speed 1, shaggy fur 1,
stealthy paws, no weapons or thrown items, no armour, multi-lived
a: End Transformation


You were on level 2 of the Dungeon.
You had temporarily grown beastly horns.
You visited 1 branch of the dungeon, and saw 2 of its levels.

You collected 67 gold pieces.

Inventory:

Jewellery
 i - an amulet of faith
Scrolls
 b - 3 scrolls of identify {unknown}
 d - a scroll of magic mapping {unknown}
 e - a scroll of immolation
 f - 3 scrolls of noise {unknown}
 g - a scroll of poison {unknown}
 h - 3 scrolls of teleportation {unknown}
 j - a scroll of torment {unknown}
 l - a scroll of enchant armour {unknown}
Potions
 a - a potion of lignification
 k - a potion of attraction {unknown}


   Skills:
 - Level 1.0 Fighting
 - Level 2.6 Dodging
 - Level 1.6 Stealth
 * Level 3.9 Unarmed Combat
 - Level 2.0 Spellcasting
 - Level 2.1 Transmutations


You had 2 spell levels left.
You knew the following spells:

 Your Spells              Type           Power      Damage    Failure   Level
a - Beastly Appendage     Tmut           14%        N/A       10%         1
b - Wereblood             Tmut           7%         N/A       14%         2

Your spell library contained the following spells:

 Spells                   Type           Power      Damage    Failure   Level
 Freeze                   Ice            4%         1d3       24%         1
 Spider Form              Tmut/Pois      4%         N/A       41%         3
 Dazzling Flash           Conj/Hex       2%         N/A       56%         3
 Frozen Ramparts          Ice            2%         1d1       56%         3
 Ice Form                 Ice/Tmut       4%         N/A       83%         4
 Hailstorm                Conj/Ice       1%         3d3       93%         4
 Iskenderun's Mystic Bla  Conj/Tloc      1%         2d3       93%         4
 Starburst                Conj/Fire      0%         6d3       100%        6


Dungeon Overview and Level Annotations

Branches:
Dungeon (2/15)

Altars:

Annotations:
D:2 Robin


Innate Abilities, Weirdness & Mutations

You have temporarily grown beastly horns.
You have sharp claws.
You have razor-sharp teeth.
You have supernaturally acute eyesight. (SInv)
You cover ground quickly. (Speed+)
You are covered in fur. (AC +1)
Your paws help you pounce on unaware monsters.
You are incapable of wielding weapons or throwing items.
You cannot wear armour.
You gain extra lives every three experience levels.


Message History

You howl for attention!
Your transformation is almost over.
You hear a shout! x2
What are your orders? t - Howl!
Orders for allies: a - Attack new target. r - Retreat! s - Stop attacking. g - Guard the area. f - Follow me.
Anything else - Cancel.
You howl for attention!
Robin shoots an arrow.
The arrow hits you!
Ouch! That really hurt!
* * * LOW HITPOINT WARNING * * *
You see here a +0 club.
Your magical contamination has completely faded away.
Your horns disappear.
You see here a +0 club.
It was a potion of heal wounds.
You feel much better.
Robin unwields a +0 longbow.
Robin wields a +0 spear.
Robin barely misses you.
A goblin comes into view. It is wielding a +0 dagger.
You scratch Robin but do no damage. Robin throws the goblin at you!
You scratch Robin but do no damage. The goblin hits you with a +0 dagger.
Unknown command.
Casting: Wereblood (safe; 14% risk of failure)
Confirm with . or Enter, or press ? or * to list all spells.
You grow a pair of large bovine horns.
The goblin hits you with a +0 dagger.
Robin roars a battlecry!
The goblins go into a battle-frenzy!
Unknown command.
You barely miss the goblin. The goblin completely misses you.
The goblin barely misses you.
You completely miss the goblin. You bite the goblin.
The goblin is moderately wounded.
Your primal bloodlust is almost over.
The goblin closely misses you. x2
You claw the goblin!
You feel a bit better.
You kill the goblin!
The goblin completely misses you. Robin hits you with a +0 spear.
Robin hits you from afar with a +0 spear.
You die...

### ### #.. ..# #.#
#.# #.# #.#
######.#####.#
######.....g...##.#
###
#gg@...####.#.g##.##
##.## #g######
#.....g... ####.#.##
#.# #.....####
....###.# #g#
##...## ####.#.##
#.# ##.## ##.## #.#
#.# #.# #.# #.#
#####.# #.# ##+##
#.....# #)######
##...##


You could see Robin and 2 goblins.

Vanquished Creatures
  A ball python (D:1)
  2 endoplasms (D:1)
  A giant cockroach (D:2)
  9 goblins
  3 hobgoblins
  A kobold (D:2)
  A quokka (D:1)
  A frilled lizard (D:1)
  A rat (D:1)
20 creatures vanquished.

Notes
Turn   | Place    | Note
-------+----------+-------------------------------------------
     0 | D:1      | worthlessgem the Felid Transmuter began the quest for the
                  | Orb.
     0 | D:1      | Reached XP level 1. HP: 9/9 MP: 4/4
    96 | D:1      | Found a faded altar of an unknown god.
   552 | D:1      | Reached skill level 1 in Stealth
  1035 | D:1      | Reached XP level 2. HP: 12/12 MP: 4/6
  1038 | D:1      | Learned a level 2 spell: Wereblood
  1297 | D:1      | Found a faded altar of an unknown god.
  2500 | D:2      | Noticed Robin
  3066 | D:2      | Slain by Robin

Illustrated notes

Levels and vault maps discovered:
D:1:      matt_arrival_spirals, layout_rooms, serial_rivers,
          chequers_serial_rivers_small_3, chequers_serial_rivers_marsh,
          chequers_serial_rivers_micro_e, chequers_serial_rivers_micro_c,
          hellmonk_ecumenical_altar_blasted, minmay_cut_off
D:2:      layout_loops_corners, basic_altar, uniq_robin

Skill      XL: |  1 |
---------------+----+-----
Stealth        | 1 |  1.6
Fighting       | |  1.0
Dodging        | |  2.6
Unarmed Combat | |  3.9
Spellcasting   | |  2.0
Transmutations | |  2.1

Action                   || total
-------------------------++-------
Melee: Unarmed           ||    63
       Bite              ||    13
       Headbutt          ||     8
 Cast: Beastly Appendage ||    20
       Wereblood         ||     1
  Use: Potion            ||     1
Armor: Skin              ||     1
Dodge: Dodged            ||    40
